 Dungeon Crawl Stone Soup version 0.32-a0-630-g46d191b0ed (webtiles) character file.

Game seed: 7904697440470142513

68 smashvw the Chopper (level 4, -11/31 (36) HPs)
             Began as a Mountain Dwarf Reaver on Mar 6, 2024.
             Was an Initiate of Beogh (penitent).
             Killed by an exploding cerulean imp (31 damage)
             ... ignited by their inner flame
             ... on level 3 of the Dungeon.
             The game lasted 00:07:10 (1860 turns).

smashvw the Chopper (Mountain Dwarf Reaver)         Turns: 1860, Time: 00:07:10

HP:   -11/31 (36)   AC:  3    Str: 17    XL:     4   Next: 1%
MP:   5/7           EV: 11    Int: 13    God:    Beogh [......]
Gold: 121           SH:  5    Dex:  8    Spells: 4/7 levels left

rFire   . . .        a - +0 hand axe
rCold   . . .        (no shield)
rNeg    . . .        b - +0 leather armour
rPois   .            (no helmet)
rElec   .            d - scarf {+Inv}
rCorr   .            (no gloves)
SInv    .            (no boots)
Will    .....        i - amulet of reflection
Stlth   +            (no ring)
HPRegen 0.25/turn    (no ring)
MPRegen 0.10/turn

%: reflection
@: weak-willed, heavily drained
A: runic magic, artefact enchanting
a: Renounce Religion, Evoke Invisibility


You were on level 3 of the Dungeon.
You worshipped Beogh.
Beogh was demanding penance.
You visited 1 branch of the dungeon, and saw 3 of its levels.

You collected 121 gold pieces.

Inventory:

Hand Weapons
 a - a +0 hand axe (weapon)
Armour
 b - a +0 leather armour (worn)
 d - a scarf of invisibility (worn)
Jewellery
 i - an amulet of reflection (around neck)
Scrolls
 c - 2 scrolls of enchant weapon
 e - a scroll of enchant armour {unknown}
 j - a scroll of vulnerability
 k - a scroll of amnesia {unknown}
 l - a scroll of revelation
 n - 4 scrolls of identify
 o - a scroll of poison {unknown}
Potions
 g - a potion of lignification {unknown}
 h - a potion of curing
 m - a potion of mutation {unknown}


   Skills:
 - Level 2.1 Fighting
 + Level 4.5 Axes
 - Level 1.3 Dodging
 + Level 2.4 Spellcasting
 - Level 3.0 Conjurations
 + Level 1.3 Summonings


You had 4 spell levels left.
You knew the following spells:

 Your Spells              Type           Power      Damage    Failure   Level
a - Kiss of Death         Conj/Necr      20%        2d7       14%         1
b - Call Imp              Summ           10%        N/A       22%         2

Your spell library contained the following spells:

 Spells                   Type           Power      Damage    Failure   Level
 Momentum Strike          Conj/Tloc      10%        3d8       21%         2
 Mercury Vapours          Alch/Air       2%         N/A       36%         2
 Sublimation of Blood     Necr           1%         N/A       36%         2
 Dazzling Flash           Conj/Hex       10%        N/A       38%         3
 Hailstorm                Conj/Ice       5%         3d5       38%         3
 Mephitic Cloud           Conj/Alch/Air  4%         N/A       45%         3
 Freezing Cloud           Conj/Ice/Air   2%         6-21      99%         5
 Curse of Agony           Necr           1%         N/A       100%        5
 Silence                  Hex/Air        0%         N/A       100%        5
 Summon Hydra             Summ           2%         N/A       100%        7


Dungeon Overview and Level Annotations

Branches:
Dungeon (3/15)

Altars:
The Shining One


Innate Abilities, Weirdness & Mutations

Your spellcasting is much less encumbered by armour.
You can use scrolls of enchantment on lesser artefacts.


Message History

As you read the scroll labelled MUEPTO IRYGESH, it crumbles to dust.
A wave of despondency washes over your surroundings.
It was a scroll of vulnerability.
Your cerulean imp completely misses something.
The orc hits you with a +0 falchion.
Something hits your cerulean imp but does no damage.
Okay, then.
As you read the scroll labelled MOJ PUJY NUMER, it crumbles to dust.
You feel aware of your surroundings.
You sensed 1 altar.
It was a scroll of revelation.
A goblin and an orc priest come into view.
The orc hits you with a +0 falchion.
* * * LOW HITPOINT WARNING * * *
Found an encrusted iron wand.
Okay, then.
As you read the scroll labelled UNERE TUKINEO, it crumbles to dust.
The creatures around you are filled with an inner flame!
It was a scroll of immolation.
Your cerulean imp hits something but does no damage.
Something hits your cerulean imp. Flame seeps out of your cerulean imp.
The orc hits you with a +0 falchion.
* * * LOW HITPOINT WARNING * * *
The orc priest shouts, "The Pantheon deserves no one's loyalty.
Let us show you the true path!" (press Y on the ability menu to convert to Beogh)
You bow before the missionary of Beogh.
Beogh welcomes you!
The priest grants you succour and welcomes you into the fold.
The other orcs roar their approval!
The goblin hits the orc with a +0 club.
Flame seeps out of the orc.
You feel very guilty. "You will pay for your transgression, mortal!"
Beogh sends your followers elsewhere.
Your cerulean imp is engulfed in blazing flames.
Your cerulean imp disappears in a puff of smoke!
Your cerulean imp explodes!
The fiery explosion engulfs the orc wizard!!
That felt strangely unrewarding.
Reactivating autopickup.
The fiery explosion engulfs you!!
Ouch! That really hurt!
You die...

############### ***
############### *~*
############### **~*
###############
**~******####################
,,~,*,,,*...................#
,,~,,,,,,.#############....#*
,,~,,,,,,..ooo§○@ool.(.....#
,*~*,,,,,.########Jg.##....#
,*~*,,,,,../..##.#So..<....#
,***,,,,,.....##....##.....# ****
,* **,,,*.....##.....[.#####**,,,
** *****.....##..#g##.# **,,,,,,
* *******......!.......#**,,**,,,
***,,,,,,...............,,,****,*
**,,**,,,,,,,.#........#**** **,*


You could see an endoplasm (inner flame, weak-willed), a goblin (inner flame,
weak-willed), a frilled lizard (inner flame, weak-willed), a neutral orc priest
(wandering) and 5 neutral orcs.

Vanquished Creatures
  An orc wizard (D:3)
  2 ribbon worms (D:2)
  3 orcs (D:3)
  4 endoplasms
  2 giant cockroaches (D:1)
  4 goblins
  4 hobgoblins
  2 jackals (D:1)
  A kobold (D:2)
  2 quokkas
  7 ball pythons
  4 bats
  2 frilled lizards
  2 rats (D:2)
40 creatures vanquished.

Vanquished Creatures (collateral kills)
  An adder (D:2)
  A dart slug (D:2)
  2 kobolds (D:2)
4 creatures vanquished.

Grand Total: 44 creatures vanquished

Notes
Turn   | Place    | Note
-------+----------+-------------------------------------------
     0 | D:1      | smashvw the Mountain Dwarf Reaver began the quest for the
                  | Orb.
     0 | D:1      | Reached XP level 1. HP: 17/17 MP: 3/3
   275 | D:1      | Reached XP level 2. HP: 24/24 MP: 5/5
   282 | D:1      | Reached skill level 4 in Axes
   364 | D:1      | Learned a level 2 spell: Call Imp
   687 | D:2      | Reached XP level 3. HP: 14/24 MP: 3/6
   743 | D:2      | Found a faded altar of an unknown god.
   866 | D:2      | Reached skill level 1 in Summonings
  1157 | D:2      | Found a glowing golden altar of the Shining One.
  1856 | D:3      | Reached XP level 4. HP: 15/31 MP: 4/7
  1860 | D:3      | Became a worshipper of Beogh the Shepherd
  1860 | D:3      | Was placed under penance by Beogh
  1860 | D:3      | Killed by an exploding cerulean imp... ignited by their
                  | inner flame

Illustrated notes

Levels and vault maps discovered:
D:1:      saegor_arrival_miasma, layout_basic
D:2:      layout_basic, basic_altar, shapermc_ecumenical_altar_mp_vishouse
D:3:      layout_rooms, mainiacjoe_overflow_alcove_1, corexii_leaking_fountain,
          minivault_4, chequers_serial_rivers_micro_a, uniq_sigmund

Skill      XL: |  1  2  3 |
---------------+----------+-----
Spellcasting   | 2 |  2.4
Axes           | 4 |  4.5
Conjurations   | 3 |  3.0
Summonings     | 1 |  1.3
Fighting       | |  2.1
Dodging        | |  1.3

Action                     |  1- 3 |  4- 6 || total
---------------------------+-------+-------++-------
  Melee: Hand axe          |   147 |     1 ||   148
   Cast: Kiss of Death     |     2 |       ||     2
         Call Imp          |     7 |       ||     7
 Invoke: Convert to Beogh  |       |     1 ||     1
    Use: Scroll            |     1 |     3 ||     4
         Potion            |     1 |       ||     1
 Armour: Leather armour    |    98 |     5 ||   103
  Dodge: Dodged            |    78 |       ||    78
  Block: Other             |    25 |       ||    25
         Reflection        |     2 |       ||     2

Table legend: (Time is in decaauts)
 A = Elapsed time spent in this place.
 B = Non-inter-level travel time spent in this place.
 C = Inter-level travel time spent in this place.
 D = Time resting spent in this place.
 E = Time spent auto-exploring this place.
 F = Levels seen in this place.
 G = Mean time per level.
                   A        B        C        D        E       F      G
               +--------+--------+--------+--------+--------+-----+--------+
         Total |   1872 |   1788 |     84 |      0 |   1410 |   3 |  624.0 |
       Dungeon |   1872 |   1788 |     84 |      0 |   1410 |   3 |  624.0 |
               +--------+--------+--------+--------+--------+-----+--------+

Top non-repeatable levels by time:
     D:2: 1195 daAuts
     D:1: 651 daAuts
     D:3: 25 daAuts
